[Event "WYCC U16 Open 2019"]
[Site "Mumbai"]
[Date "2019.10.07"]
[Round "7.2"]
[White "Aronyak Ghosh"]
[Black "Moksh Amit Doshi"]
[Result "1/2-1/2"]
[ECO "A01"]
[WhiteElo "2380"]
[BlackElo "2328"]
[Annotator "ChessBase"]
[PlyCount "90"]
[EventDate "2019.10.02"]
[EventType "swiss"]
[EventCountry "IND"]
[SourceTitle "playchess.com"]
[Source "ChessBase"]
[SourceQuality "1"]
[TimeControl "40/5400+30:1800+30"]

1. b3 d5 2. e3 e5 3. Bb2 Bd6 4. Nf3 f6 5. c4 c6 6. Nc3 Ne7 7. d4 e4 8. Nd2 O-O 9. Be2 f5 10. g3 Be6 11. Qc1 Nd7 12. Ba3 Nf6 13. cxd5 cxd5 14. Bxd6 Qxd6 15. Nb5 Qd7 16. Qc7 Rfc8 17. Qxd7 Bxd7 18. Na3 Rc3 19. O-O Rac8 20. Ndb1 R3c7 21. Nd2 Rc3 22. Ndb1 R3c7 23. Nd2 a6 24. b4 Ba4 25. Bd1 b5 26. Bxa4 bxa4 27. b5 axb5 28. Nxb5 Rc2 29. Nb1 g5 30. N1a3 Re2 31. Rfe1 Rxe1+ 32. Rxe1 f4 33. exf4 gxf4 34. f3 exf3 35. Rxe7 fxg3 36. hxg3 Ng4 37. Nc7 Rf8 38. Kf1 Nh2+ 39. Kf2 Ng4+ 40. Kf1 f2 41. Rg7+ Kxg7 42. Ne6+ Kf7 43. Nxf8 Kxf8 44. Nb5 Ke7 45. Nc3 Kd6 1/2-1/2

[Event "WYCC U16 Open 2019"]
[Site "Mumbai"]
[Date "2019.10.07"]
[Round "7.3"]
[White "Daghli, Arash"]
[Black "Soto, Miguel Angel"]
[Result "0-1"]
[ECO "A57"]
[WhiteElo "2387"]
[BlackElo "2283"]
[Annotator "ChessBase"]
[PlyCount "91"]
[EventDate "2019.10.02"]
[EventType "swiss"]
[EventCountry "IND"]
[SourceTitle "playchess.com"]
[Source "ChessBase"]
[SourceQuality "1"]
[TimeControl "40/5400+30:1800+30"]

1. d4 Nf6 2. c4 c5 3. d5 b5 4. cxb5 a6 5. b6 d6 6. Nc3 Nbd7 7. e4 g6 8. Nf3 Bg7 9. Bd3 O-O 10. h3 Nxb6 11. O-O Ne8 12. Bg5 h6 13. Be3 Nc7 14. Qd2 Kh7 15. Rfe1 a5 16. h4 Ba6 17. h5 Bxd3 18. Qxd3 Na6 19. a3 Nd7 20. Bf4 Qc7 21. Nd2 Nb6 22. Rac1 c4 23. Qf1 Rab8 24. Be3 Rfc8 25. Bxb6 Qxb6 26. Nxc4 Qc7 27. Na4 Nc5 28. Nxc5 Qxc5 29. Qe2 Qb5 30. Rc2 a4 31. Rec1 Rc5 32. Qf3 Rbc8 33. Qxf7 gxh5 34. Ne3 Rxc2 35. Rxc2 Rxc2 36. Nxc2 Qxb2 37. Ne3 Qxa3 38. Kh2 Qc3 39. Nf5 Qf6 40. Qe8 a3 41. Nxe7 Bf8 42. Nf5 a2 43. Qd7+ Kh8 44. Ne7 Kg7 45. Qe8 Kh7 46. Ng6 0-1

[Event "WYCC U16 Open 2019"]
[Site "Mumbai"]
[Date "2019.10.07"]
[Round "7.4"]
[White "Kushagra Mohan"]
[Black "Pogosyan, Stefan"]
[Result "1/2-1/2"]
[ECO "B85"]
[WhiteElo "2309"]
[BlackElo "2364"]
[Annotator "ChessBase"]
[PlyCount "70"]
[EventDate "2019.10.02"]
[EventType "swiss"]
[EventCountry "IND"]
[SourceTitle "playchess.com"]
[Source "ChessBase"]
[SourceQuality "1"]
[TimeControl "40/5400+30:1800+30"]

1. e4 c5 2. Nf3 Nc6 3. d4 cxd4 4. Nxd4 e6 5. Nc3 Qc7 6. f4 a6 7. Be2 d6 8. Be3 Nf6 9. O-O Be7 10. Qe1 O-O 11. Rd1 Nxd4 12. Bxd4 e5 13. fxe5 dxe5 14. Qg3 Bc5 15. Bxc5 Qxc5+ 16. Kh1 Qe7 17. Bc4 Be6 18. Qxe5 Ng4 19. Nd5 Qh4 20. Qf4 g5 21. Qg3 Qxg3 22. hxg3 Bxd5 23. Rxd5 Ne3 24. Rxg5+ Kh8 25. Rxf7 Nxc4 26. Rxb7 Ne3 27. Rgg7 Rf1+ 28. Kh2 h5 29. g4 Nxg4+ 30. Kg3 Re8 31. Rh7+ Kg8 32. Rbg7+ Kf8 33. Ra7 Kg8 34. Rag7+ Kf8 35. Ra7 Kg8 1/2-1/2

[Event "WYCC U16 Open 2019"]
[Site "Mumbai"]
[Date "2019.10.07"]
[Round "7.5"]
[White "Bilych, Olexiy"]
[Black "Stork, Oliver"]
[Result "1-0"]
[ECO "B13"]
[WhiteElo "2281"]
[BlackElo "2314"]
[Annotator "ChessBase"]
[PlyCount "57"]
[EventDate "2019.10.02"]
[EventType "swiss"]
[EventCountry "IND"]
[SourceTitle "playchess.com"]
[Source "ChessBase"]
[SourceQuality "1"]
[TimeControl "40/5400+30:1800+30"]

1. e4 c6 2. d4 d5 3. exd5 cxd5 4. Bd3 Nc6 5. c3 Qc7 6. Na3 a6 7. Nc2 Nf6 8. h3 g6 9. Bg5 Bg7 10. Ne3 Be6 11. Ne2 O-O 12. O-O Nh5 13. g4 f6 14. Bh4 Nf4 15. Nxf4 Qxf4 16. Bg3 Qh6 17. Kg2 Rfd8 18. f4 Bf8 19. h4 Bf7 20. h5 Qg7 21. g5 fxg5 22. h6 Qf6 23. Ng4 Qe6 24. fxg5 Qd7 25. Ne5 Nxe5 26. Bxe5 Be6 27. Qf3 Rac8 28. Bxg6 Bh3+ 29. Kh2 1-0

[Event "WYCC U16 Open 2019"]
[Site "Mumbai"]
[Date "2019.10.07"]
[Round "7.7"]
[White "Harshavardhan G B"]
[Black "Kacharava, Nikolozi"]
[Result "1/2-1/2"]
[ECO "D20"]
[WhiteElo "2362"]
[BlackElo "2428"]
[Annotator "ChessBase"]
[PlyCount "133"]
[EventDate "2019.10.02"]
[EventType "swiss"]
[EventCountry "IND"]
[SourceTitle "playchess.com"]
[Source "ChessBase"]
[SourceQuality "1"]
[TimeControl "40/5400+30:1800+30"]

1. d4 d5 2. c4 dxc4 3. e4 e5 4. Nf3 exd4 5. Bxc4 Nc6 6. O-O Be6 7. Bxe6 fxe6 8. Qb3 Qd7 9. Qxb7 Rb8 10. Qa6 Nf6 11. Nbd2 Bd6 12. b3 O-O 13. Bb2 e5 14. Rac1 Rb6 15. Qe2 Na5 16. Nc4 Nxc4 17. Qxc4+ Kh8 18. Qe2 Qg4 19. Rce1 Rc6 20. h3 Qd7 21. Rc1 Rxc1 22. Bxc1 Qc6 23. Re1 Nd7 24. Bd2 Qc2 25. Ba5 Qxe2 26. Rxe2 Nc5 27. Bb4 Nd3 28. Bxd6 cxd6 29. Rc2 Nb4 30. Rc7 Nxa2 31. Rxa7 Nc3 32. Nd2 h6 33. Rd7 Ne2+ 34. Kf1 Nf4 35. g3 Nxh3 36. f3 Ng5 37. Ke2 Rc8 38. Nc4 Rf8 39. Nd2 Rc8 40. f4 exf4 41. gxf4 Nh3 42. f5 Rc3 43. Rxd6 Re3+ 44. Kd1 Nf2+ 45. Kc2 Nxe4 46. Rxd4 Nxd2 47. Rxd2 Rf3 48. Rd5 h5 49. b4 h4 50. Rd4 h3 51. Rh4+ Kg8 52. Kd2 Rb3 53. Ke1 Kf7 54. Kf2 Kf6 55. Kg1 Kxf5 56. Kh2 g5 57. Rxh3 Rxb4 58. Rf3+ Kg4 59. Ra3 Kf4 60. Kg2 g4 61. Rc3 Rb2+ 62. Kg1 Ra2 63. Rb3 Re2 64. Ra3 Kg5 65. Rb3 Kh4 66. Ra3 g3 67. Ra8 1/2-1/2

[Event "WYCC U16 Open 2019"]
[Site "Mumbai"]
[Date "2019.10.07"]
[Round "7.8"]
[White "Cardoso Cardoso, Jose Gabriel"]
[Black "Gharibyan, Mamikon"]
[Result "0-1"]
[ECO "A22"]
[WhiteElo "2313"]
[BlackElo "2388"]
[Annotator "ChessBase"]
[PlyCount "54"]
[EventDate "2019.10.02"]
[EventType "swiss"]
[EventCountry "IND"]
[SourceTitle "playchess.com"]
[Source "ChessBase"]
[SourceQuality "1"]
[TimeControl "40/5400+30:1800+30"]

1. c4 e5 2. Nc3 Nf6 3. g3 d5 4. cxd5 Nxd5 5. Bg2 Nb6 6. Nf3 Nc6 7. O-O Be7 8. b3 O-O 9. Bb2 Be6 10. Rc1 f6 11. Re1 Qd7 12. Ne4 Rfd8 13. d3 a5 14. Qc2 a4 15. Red1 axb3 16. axb3 Nd5 17. d4 Ndb4 18. Qb1 Bxb3 19. Rd2 Ba2 20. Qa1 Qg4 21. h3 Qg6 22. dxe5 Bd5 23. Rxd5 Rxa1 24. Rxd8+ Bxd8 25. Rxa1 Qxe4 26. exf6 Qc2 27. Bd4 Nxd4 0-1

[Event "WYCC U16 Open 2019"]
[Site "Mumbai"]
[Date "2019.10.07"]
[Round "7.9"]
[White "Wachinger, Nikolas"]
[Black "Sankalp Gupta"]
[Result "1/2-1/2"]
[ECO "C15"]
[WhiteElo "2297"]
[BlackElo "2369"]
[Annotator "ChessBase"]
[PlyCount "69"]
[EventDate "2019.10.02"]
[EventType "swiss"]
[EventCountry "IND"]
[SourceTitle "playchess.com"]
[Source "ChessBase"]
[SourceQuality "1"]
[TimeControl "40/5400+30:1800+30"]

1. e4 e6 2. d4 d5 3. Nc3 Bb4 4. Nge2 dxe4 5. a3 Bxc3+ 6. Nxc3 Nf6 7. Bg5 Bd7 8. Nxe4 Bc6 9. Nxf6+ gxf6 10. Bf4 Rg8 11. Bg3 Nd7 12. c4 Nb6 13. Qd2 Qd7 14. b3 O-O-O 15. O-O-O Be4 16. f3 Bf5 17. Bh4 Qe7 18. Qb4 Qxb4 19. axb4 Nd7 20. g4 Bg6 21. b5 Rde8 22. Be2 e5 23. d5 f5 24. gxf5 Bxf5 25. Rhg1 Rg6 26. Bf2 e4 27. fxe4 Bxe4 28. Kd2 Ne5 29. Rg3 Rh6 30. h3 a6 31. Be3 Rd6 32. Bc5 Rh6 33. Be3 Rd6 34. Bc5 Rh6 35. Be3 1/2-1/2

[Event "WYCC U16 Open 2019"]
[Site "Mumbai"]
[Date "2019.10.07"]
[Round "7.10"]
[White "Avila Pavas, Santiago"]
[Black "Turgut, Aydin"]
[Result "1-0"]
[ECO "A25"]
[WhiteElo "2406"]
[BlackElo "2281"]
[Annotator "ChessBase"]
[PlyCount "107"]
[EventDate "2019.10.02"]
[EventType "swiss"]
[EventCountry "IND"]
[SourceTitle "playchess.com"]
[Source "ChessBase"]
[SourceQuality "1"]
[TimeControl "40/5400+30:1800+30"]

1. c4 e5 2. Nc3 Nc6 3. g3 Nf6 4. Bg2 g6 5. e3 Bg7 6. Nge2 O-O 7. O-O d6 8. d3 Be6 9. Nd5 Qd7 10. Nec3 Ne8 11. Rb1 f5 12. Qa4 Nd8 13. Qxd7 Bxd7 14. f4 c6 15. Nb4 Ne6 16. Nc2 Rc8 17. Rd1 N8c7 18. Bd2 Rfd8 19. Rbc1 Be8 20. Ne1 Bf6 21. Nf3 Bf7 22. b4 h6 23. h4 Kg7 24. Bh3 exf4 25. gxf4 d5 26. cxd5 cxd5 27. d4 Ne8 28. Be1 Nd6 29. Ne5 Ne4 30. Nxe4 dxe4 31. Nxf7 Kxf7 32. h5 Ng7 33. hxg6+ Kxg6 34. Bf1 Ne8 35. b5 Be7 36. Bc4 Ba3 37. Rc3 Bb2 38. Rc2 Nd6 39. Rg2+ Kh7 40. Be6 Rc1 41. Rxc1 Bxc1 42. Kf2 Rf8 43. Bb4 Rf6 44. d5 Nxb5 45. Be7 Rxe6 46. dxe6 Nc7 47. Rg1 Bb2 48. Rb1 Bg7 49. Rxb7 Nxe6 50. Bf6 a5 51. Ra7 Kg6 52. Bxg7 Nxg7 53. Rxa5 Ne8 54. a4 1-0

[Event "WYCC U16 Open 2019"]
[Site "Mumbai"]
[Date "2019.10.07"]
[Round "7.12"]
[White "Talukdar, Rohan"]
[Black "Lumachi, Gabriele"]
[Result "1/2-1/2"]
[ECO "C65"]
[WhiteElo "2369"]
[BlackElo "2207"]
[Annotator "ChessBase"]
[PlyCount "147"]
[EventDate "2019.10.02"]
[EventType "swiss"]
[EventCountry "IND"]
[SourceTitle "playchess.com"]
[Source "ChessBase"]
[SourceQuality "1"]
[TimeControl "40/5400+30:1800+30"]

1. e4 e5 2. Nf3 Nc6 3. Bb5 Nf6 4. d3 d6 5. c3 a6 6. Ba4 g6 7. d4 Bd7 8. O-O Bg7 9. Re1 O-O 10. Bg5 h6 11. Bh4 g5 12. Bg3 Nxe4 13. Rxe4 f5 14. Re2 f4 15. dxe5 Bg4 16. exd6 Bxf3 17. gxf3 Qxd6 18. Qxd6 cxd6 19. Bxc6 bxc6 20. Nd2 a5 21. a4 d5 22. Ra3 Rfb8 23. Rb3 c5 24. Re6 fxg3 25. hxg3 Rxb3 26. Nxb3 c4 27. Nd4 Bxd4 28. cxd4 Rb8 29. Ra6 Rxb2 30. Rxa5 c3 31. Rc5 c2 32. Kg2 Ra2 33. a5 Rxa5 34. Rxc2 Ra4 35. Rd2 Kg7 36. Kf1 Kg6 37. Ke2 h5 38. Ke3 Kf5 39. Rd3 Ra8 40. Rb3 Re8+ 41. Kd2 h4 42. Rb6 hxg3 43. fxg3 g4 44. fxg4+ Ke4 45. g5 Kxd4 46. g6 Ke5 47. Ke3 Kf5+ 48. Kf3 Rg8 49. Rd6 Kg5 50. g4 Rf8+ 51. Kg3 Rg8 52. Kf3 Rf8+ 53. Kg3 Rg8 54. Rxd5+ Kxg6 55. Rd6+ Kg5 56. Rd5+ Kg6 57. Rd6+ Kg5 58. Ra6 Rb8 59. Ra5+ Kg6 60. Ra6+ Kg5 61. Ra5+ Kg6 62. Kh4 Rh8+ 63. Rh5 Rxh5+ 64. gxh5+ Kg7 65. Kg5 Kh7 66. Kg4 Kh6 67. Kh4 Kh7 68. Kg5 Kg8 69. Kh6 Kh8 70. Kg6 Kg8 71. h6 Kh8 72. Kf5 Kg8 73. Kg6 Kh8 74. h7 1/2-1/2

[Event "WYCC U16 Open 2019"]
[Site "Mumbai"]
[Date "2019.10.07"]
[Round "7.13"]
[White "Ammar, Sedrani"]
[Black "Tarlabasi, Emirhan"]
[Result "1-0"]
[ECO "D02"]
[WhiteElo "2053"]
[BlackElo "2365"]
[Annotator "ChessBase"]
[PlyCount "115"]
[EventDate "2019.10.02"]
[EventType "swiss"]
[EventCountry "IND"]
[SourceTitle "playchess.com"]
[Source "ChessBase"]
[SourceQuality "1"]
[TimeControl "40/5400+30:1800+30"]

1. d4 d5 2. Nf3 Nf6 3. Bf4 c5 4. e3 Nc6 5. Nc3 a6 6. dxc5 e6 7. Bd3 Bxc5 8. O-O O-O 9. e4 h6 10. exd5 exd5 11. h3 Re8 12. a3 Ne4 13. Bxe4 dxe4 14. Qxd8 Nxd8 15. Nd2 f5 16. Nb3 Ba7 17. Nd5 Ne6 18. Be3 b5 19. Rad1 Bb7 20. Bxa7 Rxa7 21. Nb6 Re7 22. Na5 Kf7 23. Nxb7 Raxb7 24. Nc8 Rbc7 25. Nxe7 Kxe7 26. Rd2 g6 27. Re1 Kf6 28. f3 Ke5 29. fxe4 f4 30. Rd5+ Kf6 31. c3 Rc4 32. Kf2 g5 33. Kf3 h5 34. Rd7 a5 35. e5+ Kg6 36. Re7 g4+ 37. hxg4 Ng5+ 38. Kf2 hxg4 39. e6 Kf6 40. Re8 Ne4+ 41. Kf1 f3 42. gxf3 Nd2+ 43. Kf2 Nxf3 44. Re3 Ng5 45. Kg2 Rc6 46. e7 Ne6 47. Rb8 Kxe7 48. Rxb5 a4 49. Rb4 Kf6 50. Rxa4 Kf5 51. Kg3 Rd6 52. Rae4 Ng5 53. Re5+ Kf6 54. Kxg4 Nf7 55. Rf5+ Kg6 56. Kf4 Nh6 57. Rg3+ Kh7 58. Rh5 1-0

[Event "WYCC U16 Open 2019"]
[Site "Mumbai"]
[Date "2019.10.07"]
[Round "7.14"]
[White "Mis, Mieszko"]
[Black "Akshit Kumar J"]
[Result "1-0"]
[ECO "D11"]
[WhiteElo "2345"]
[BlackElo "1912"]
[Annotator "ChessBase"]
[PlyCount "55"]
[EventDate "2019.10.02"]
[EventType "swiss"]
[EventCountry "IND"]
[SourceTitle "playchess.com"]
[Source "ChessBase"]
[SourceQuality "1"]
[TimeControl "40/5400+30:1800+30"]

1. d4 d5 2. c4 c6 3. Nf3 Nf6 4. Qb3 e6 5. g3 Nbd7 6. Bg2 Bd6 7. O-O O-O 8. Nc3 dxc4 9. Qxc4 Qe7 10. e4 e5 11. Re1 Rd8 12. Qe2 h6 13. h3 a5 14. Be3 a4 15. a3 exd4 16. Nxd4 Nc5 17. Qc4 Bd7 18. e5 Bxe5 19. Bf4 b5 20. Qf1 Nce4 21. Bxe4 Bxh3 22. Qxh3 Rxd4 23. Bxe5 Rxe4 24. Nxe4 Qxe5 25. Nxf6+ Qxf6 26. Re2 Rd8 27. Rae1 Kh7 28. Qh4 1-0

[Event "WYCC U16 Open 2019"]
[Site "Mumbai"]
[Date "2019.10.07"]
[Round "7.15"]
[White "Raahul V S"]
[Black "Skurniak, Szymon"]
[Result "0-1"]
[ECO "A20"]
[WhiteElo "2262"]
[BlackElo "1997"]
[Annotator "ChessBase"]
[PlyCount "64"]
[EventDate "2019.10.02"]
[EventType "swiss"]
[EventCountry "IND"]
[SourceTitle "playchess.com"]
[Source "ChessBase"]
[SourceQuality "1"]
[TimeControl "40/5400+30:1800+30"]

1. c4 e5 2. g3 d6 3. Bg2 f5 4. Nc3 Nf6 5. e3 Be7 6. Nge2 O-O 7. O-O c6 8. d3 Na6 9. f4 Qe8 10. Rb1 Nc7 11. b4 a6 12. a4 exf4 13. exf4 Qf7 14. Qb3 Re8 15. Nd4 Bd7 16. Kh1 Ng4 17. Nc2 h5 18. h4 Bxh4 19. gxh4 Qf6 20. Rf3 Qxh4+ 21. Kg1 Qh2+ 22. Kf1 Qh4 23. Kg1 Qh2+ 24. Kf1 Qh4 25. Be3 Nh2+ 26. Ke2 Nxf3 27. Kxf3 Ne6 28. Ne2 Ng5+ 29. fxg5 f4 30. c5+ d5 31. Rh1 Bg4+ 32. Kxf4 Bh3+ 0-1

[Event "WYCC U16 Open 2019"]
[Site "Mumbai"]
[Date "2019.10.07"]
[Round "7.16"]
[White "Nanayakkara, J A K Saranath"]
[Black "Manafov, Vugar"]
[Result "0-1"]
[ECO "D43"]
[WhiteElo "1924"]
[BlackElo "2357"]
[Annotator "ChessBase"]
[PlyCount "80"]
[EventDate "2019.10.02"]
[EventType "swiss"]
[EventCountry "IND"]
[SourceTitle "playchess.com"]
[Source "ChessBase"]
[SourceQuality "1"]
[TimeControl "40/5400+30:1800+30"]

1. d4 Nf6 2. Nf3 d5 3. c4 e6 4. Nc3 c6 5. cxd5 exd5 6. Bg5 Be7 7. Qc2 h6 8. Bf4 Nbd7 9. e3 Nh5 10. Be5 Nxe5 11. dxe5 g6 12. Bd3 Ng7 13. O-O Ne6 14. Rad1 Qc7 15. Bxg6 fxg6 16. Qxg6+ Kf8 17. Qf5+ Kg7 18. Qg4+ Ng5 19. Qg3 Kh7 20. Nxg5+ hxg5 21. Rd4 Bf5 22. Rc1 Qb6 23. Rd2 Qb4 24. Rcd1 Qg4 25. Qxg4 Bxg4 26. f3 Be6 27. Ne2 Bb4 28. Rc2 Bf5 29. Rcc1 Rae8 30. Nd4 Rhf8 31. f4 Bg4 32. Rd3 gxf4 33. Rb3 c5 34. Nc2 a5 35. exf4 Rxf4 36. Rd3 Rxe5 37. a3 c4 38. Rg3 Bc5+ 39. Kh1 Bf2 40. Rc3 Be1 0-1

[Event "WYCC U16 Open 2019"]
[Site "Mumbai"]
[Date "2019.10.09"]
[Round "8.2"]
[White "Makarian, Rudik"]
[Black "Bilych, Olexiy"]
[Result "1-0"]
[ECO "A56"]
[WhiteElo "2386"]
[BlackElo "2281"]
[Annotator "ChessBase"]
[PlyCount "123"]
[EventDate "2019.10.02"]
[EventType "swiss"]
[EventCountry "IND"]
[SourceTitle "playchess.com"]
[Source "ChessBase"]
[SourceQuality "1"]
[TimeControl "40/5400+30:1800+30"]

1. d4 Nf6 2. c4 c5 3. Nf3 g6 4. Nc3 cxd4 5. Nxd4 Bg7 6. g3 O-O 7. Bg2 Nc6 8. O-O Nxd4 9. Qxd4 d6 10. Qd3 Nd7 11. Nd5 Nc5 12. Qa3 Be6 13. Be3 Bxd5 14. Bxd5 Qc7 15. Rab1 a5 16. b3 Rab8 17. Bd2 b6 18. Qc1 Rfc8 19. Rd1 b5 20. cxb5 e6 21. Bc6 Nd7 22. Qa3 Ne5 23. Bxa5 Qa7 24. Bb4 Qxa3 25. Bxa3 Nxc6 26. bxc6 d5 27. Rdc1 Ra8 28. Bd6 Ra6 29. b4 Raxc6 30. Rxc6 Rxc6 31. Bf4 e5 32. Rc1 Rxc1+ 33. Bxc1 Kf8 34. b5 Ke7 35. a4 Kd7 36. Ba3 e4 37. Bc5 Bc3 38. e3 Kc7 39. f3 f5 40. Kf2 h5 41. f4 Kb7 42. Ke2 Ba5 43. Kd1 Bc3 44. Kc2 Be1 45. Kb3 Kc7 46. Bb4 Bf2 47. Bd2 d4 48. exd4 e3 49. Ba5+ Kd7 50. b6 Kc8 51. Kc4 e2 52. Kb5 Kb7 53. Bb4 e1=Q 54. Bxe1 Bxe1 55. a5 h4 56. a6+ Kb8 57. Kc6 hxg3 58. a7+ Ka8 59. Kc7 Ba5 60. hxg3 g5 61. fxg5 f4 62. g6 1-0

[Event "WYCC U16 Open 2019"]
[Site "Mumbai"]
[Date "2019.10.09"]
[Round "8.3"]
[White "Gharibyan, Mamikon"]
[Black "Aronyak Ghosh"]
[Result "1/2-1/2"]
[ECO "D11"]
[WhiteElo "2388"]
[BlackElo "2380"]
[Annotator "ChessBase"]
[PlyCount "95"]
[EventDate "2019.10.02"]
[EventType "swiss"]
[EventCountry "IND"]
[SourceTitle "playchess.com"]
[Source "ChessBase"]
[SourceQuality "1"]
[TimeControl "40/5400+30:1800+30"]

1. d4 d5 2. c4 c6 3. Nf3 Nf6 4. e3 Bg4 5. Nc3 e6 6. h3 Bxf3 7. Qxf3 Nbd7 8. Qd1 Bd6 9. Bd3 O-O 10. O-O Qe7 11. Qb3 dxc4 12. Bxc4 Nb6 13. Be2 Rad8 14. Rd1 e5 15. dxe5 Qxe5 16. g3 Qe7 17. Kg2 Ne4 18. Qc2 Nxc3 19. bxc3 Bc5 20. Bd2 Rd7 21. c4 Rfd8 22. a4 Rd6 23. a5 Nd7 24. a6 b6 25. Bc3 Nb8 26. Rxd6 Bxd6 27. Bf3 Bb4 28. Bd4 c5 29. Bc3 Bxc3 30. Qxc3 Nd7 31. Rd1 Nf6 32. Rxd8+ Qxd8 33. Qe5 h6 34. g4 Kf8 35. Bc6 Ng8 36. Bf3 Ne7 37. Be4 Qc8 38. Qd6 Ke8 39. Bb7 Qd8 40. Qe5 Kf8 41. Kh2 Ng6 42. Qg3 Ke7 43. Bd5 Qd6 44. f4 b5 45. Qf3 b4 46. Qe4+ Kd8 47. Bxf7 Qd2+ 48. Kh1 1/2-1/2

[Event "WYCC U16 Open 2019"]
[Site "Mumbai"]
[Date "2019.10.09"]
[Round "8.4"]
[White "Pogosyan, Stefan"]
[Black "Raja Rithvik R"]
[Result "1/2-1/2"]
[ECO "E17"]
[WhiteElo "2364"]
[BlackElo "2369"]
[Annotator "ChessBase"]
[PlyCount "90"]
[EventDate "2019.10.02"]
[EventType "swiss"]
[EventCountry "IND"]
[SourceTitle "playchess.com"]
[Source "ChessBase"]
[SourceQuality "1"]
[TimeControl "40/5400+30:1800+30"]

1. d4 Nf6 2. c4 e6 3. Nf3 b6 4. g3 Bb7 5. Bg2 Be7 6. O-O O-O 7. Re1 Na6 8. Nc3 Ne4 9. Ng5 Nxc3 10. Qc2 Bxg5 11. Bxb7 Bxc1 12. Qxc1 Rb8 13. Bxa6 Ne4 14. f3 Nd6 15. e4 c6 16. Qc3 Ne8 17. c5 bxc5 18. dxc5 d5 19. exd5 exd5 20. Bd3 Nf6 21. Qd4 a5 22. a3 Nd7 23. b4 Qf6 24. Qxf6 gxf6 25. Rab1 axb4 26. axb4 Rb7 27. f4 Rfb8 28. b5 Nxc5 29. bxc6 Rxb1 30. Rxb1 Rc8 31. Bb5 Ne4 32. Rc1 Rc7 33. Kg2 Kf8 34. Kf3 Ke7 35. Kg4 f5+ 36. Kf3 Kd6 37. Ke3 Nc5 38. Rc2 Re7+ 39. Kd4 Re4+ 40. Kc3 Kc7 41. Rd2 Kb6 42. Rb2 Kc7 43. Rd2 Kb6 44. Rb2 Kc7 45. Rd2 Kb6 1/2-1/2

[Event "WYCC U16 Open 2019"]
[Site "Mumbai"]
[Date "2019.10.09"]
[Round "8.5"]
[White "Moksh Amit Doshi"]
[Black "Kushagra Mohan"]
[Result "0-1"]
[ECO "B09"]
[WhiteElo "2328"]
[BlackElo "2309"]
[Annotator "ChessBase"]
[PlyCount "86"]
[EventDate "2019.10.02"]
[EventType "swiss"]
[EventCountry "IND"]
[SourceTitle "playchess.com"]
[Source "ChessBase"]
[SourceQuality "1"]
[TimeControl "40/5400+30:1800+30"]

1. e4 d6 2. d4 Nf6 3. Nc3 g6 4. f4 Bg7 5. Nf3 c5 6. Bb5+ Bd7 7. e5 Ng4 8. Bxd7+ Qxd7 9. d5 dxe5 10. h3 e4 11. hxg4 exf3 12. Qxf3 Na6 13. Bd2 O-O-O 14. O-O-O Nc7 15. Be1 Bd4 16. Bf2 Bxf2 17. Qxf2 b6 18. Qf3 Kb8 19. g5 Ne8 20. Rh2 Nd6 21. Rdh1 Nf5 22. Rxh7 Rxh7 23. Rxh7 e6 24. Qe2 exd5 25. Qe5+ Ka8 26. Qf6 Nd6 27. Rh8 Rxh8 28. Qxh8+ Kb7 29. Qe5 d4 30. Nd5 Qe8 31. Ne7 Kc7 32. b3 Kd7 33. Nd5 Qxe5 34. fxe5 Ne4 35. Nf4 Nxg5 36. Kd2 Kc6 37. Kd3 Ne6 38. Ne2 Kd5 39. c3 Kxe5 40. cxd4+ cxd4 41. g3 g5 42. b4 b5 43. a3 f5 {[%emt 0:00:24] Kxd4+} 0-1

[Event "WYCC U16 Open 2019"]
[Site "Mumbai"]
[Date "2019.10.09"]
[Round "8.6"]
[White "Kacharava, Nikolozi"]
[Black "Mis, Mieszko"]
[Result "1-0"]
[ECO "B17"]
[WhiteElo "2428"]
[BlackElo "2345"]
[Annotator "ChessBase"]
[PlyCount "106"]
[EventDate "2019.10.02"]
[EventType "swiss"]
[EventCountry "IND"]
[SourceTitle "playchess.com"]
[Source "ChessBase"]
[SourceQuality "1"]
[TimeControl "40/5400+30:1800+30"]

1. e4 c6 2. d4 d5 3. Nd2 dxe4 4. Nxe4 Nd7 5. Ng5 Ngf6 6. Bd3 e6 7. N1f3 Bd6 8. Qe2 h6 9. Ne4 Nxe4 10. Qxe4 Nf6 11. Qe2 b6 12. Bd2 Bb7 13. O-O-O Qc7 14. Rhe1 O-O 15. Ne5 c5 16. g4 cxd4 17. f4 Rac8 18. Kb1 Rfd8 19. h4 Nd7 20. Nxf7 Kxf7 21. Qxe6+ Kf8 22. Qf5+ Nf6 23. g5 Qf7 24. gxf6 Qxf6 25. Qxf6+ gxf6 26. f5 Kf7 27. Be2 Kg7 28. Rg1+ Kh7 29. Rg6 Bf8 30. Rxf6 Be4 31. Bd3 Bxd3 32. cxd3 Rd7 33. Re1 Bg7 34. Rfe6 Rf8 35. Re7 Rxe7 36. Rxe7 Rxf5 37. Rxa7 Rh5 38. Be1 b5 39. Bf2 Kg6 40. Rd7 Bf6 41. Rd6 Kf7 42. Kc2 Ke7 43. Rb6 Rf5 44. Be1 h5 45. b3 Kd7 46. a4 bxa4 47. bxa4 Rf4 48. a5 Bxh4 49. a6 Kc7 50. Rb7+ Kc6 51. Bxh4 Rxh4 52. Rb8 Rh2+ 53. Kb3 Kd5 1-0

[Event "WYCC U16 Open 2019"]
[Site "Mumbai"]
[Date "2019.10.09"]
[Round "8.7"]
[White "Skurniak, Szymon"]
[Black "Avila Pavas, Santiago"]
[Result "0-1"]
[ECO "B40"]
[WhiteElo "1997"]
[BlackElo "2406"]
[Annotator "ChessBase"]
[PlyCount "94"]
[EventDate "2019.10.02"]
[EventType "swiss"]
[EventCountry "IND"]
[SourceTitle "playchess.com"]
[Source "ChessBase"]
[SourceQuality "1"]
[TimeControl "40/5400+30:1800+30"]

1. e4 c5 2. Nf3 e6 3. b3 b6 4. c4 Bb7 5. Nc3 Nc6 6. g3 g6 7. Bg2 Bg7 8. O-O Nge7 9. Bb2 O-O 10. d3 f5 11. Qd2 d6 12. Ng5 Qd7 13. exf5 Rxf5 14. Rae1 Nd4 15. f4 Bxg2 16. Qxg2 Raf8 17. Nb5 Nec6 18. Nxd4 Bxd4+ 19. Bxd4 Nxd4 20. Nf3 Nc6 21. Nh4 R5f6 22. Nf3 h6 23. Qe2 e5 24. fxe5 dxe5 25. Kg2 Qd6 26. Qe4 Kg7 27. Re3 R8f7 28. Rfe1 Nd4 29. Nxe5 Re7 30. Rf1 Rxf1 31. Kxf1 Nc6 32. Qxc6 Qxc6 33. Nxc6 Rxe3 34. Nxa7 Rxd3 35. Nc8 Rf3+ 36. Ke2 Rf6 37. Ke3 Re6+ 38. Kd3 Kf6 39. a4 Kf5 40. h3 Ke5 41. Ke3 g5 42. h4 g4 43. Kd3 Rf6 44. Kc3 Ke4 45. Ne7 Rf3+ 46. Kc2 Rxg3 47. h5 Rg2+ 0-1

[Event "WYCC U16 Open 2019"]
[Site "Mumbai"]
[Date "2019.10.09"]
[Round "8.8"]
[White "Hilwerda, Jonas"]
[Black "Daghli, Arash"]
[Result "0-1"]
[ECO "B30"]
[WhiteElo "2229"]
[BlackElo "2387"]
[Annotator "ChessBase"]
[PlyCount "64"]
[EventDate "2019.10.02"]
[EventType "swiss"]
[EventCountry "IND"]
[SourceTitle "playchess.com"]
[Source "ChessBase"]
[SourceQuality "1"]
[TimeControl "40/5400+30:1800+30"]

1. e4 c5 2. Nf3 Nc6 3. Bb5 Nf6 4. Nc3 Qc7 5. O-O Nd4 6. Re1 a6 7. Bf1 Ng4 8. e5 Nxf3+ 9. Qxf3 Nxe5 10. Qe4 d6 11. Nd5 Qc6 12. f4 e6 13. c4 exd5 14. cxd5 Qc7 15. b4 f5 16. Qe2 Be7 17. fxe5 O-O 18. d4 cxd4 19. e6 b5 20. Bb2 Bb7 21. Qd3 Bxd5 22. Bxd4 Be4 23. Rxe4 fxe4 24. Qxe4 d5 25. Qg4 Bf6 26. Bxf6 Rxf6 27. Re1 Re8 28. Qh5 Qc6 29. Bd3 g6 30. Qh6 Rfxe6 31. Rf1 Qb6+ 32. Rf2 Rf6 0-1